cohdb
Replays
Latest Replays
All Replays
Popular Replays
Top Player Replays
Match Explorer
How It Works
Community
CoH3 Stats
Reddit
Sign in to upload your games and track your stats! →
Sign in with Steam
Match 25241385
Unlisted
Match 25241385
Overview
Messages
Build Orders
End
Construct Infanterie Kompanie
Selects Breakthrough Battlegroup
Selects Assault Grenadiers
Grenadier Squad
Grenadier Squad
MG 42 Machine Gun Team
GrW 34 Mortar Team
Infanterie Officer Quarters
MG 42 Machine Gun Team
Selects Breakthrough
Grenadier Squad
Breakthrough
Construct Panzergrenadier Kompanie
Selects Mechanized Assault Group
Pak 40 Anti-tank Gun Team
Mechanized Assault Group
Selects Rapid Production
Grenadier Squad
Selects Blitzkrieg
Breakthrough
Construct Panzer Kompanie
Sturmpanzer IV Brummbär
Selects Tiger Heavy Tank
AI Takeover
Crash Override
ConcernedApe
0
0
Comments
sign in to comment!
No comments posted yet!